 Dungeon Crawl Stone Soup version 0.28-a0-586-gbdb9d174a4 (webtiles) character file.

Game seed: 873483591548431122

125583 KristoblXynda the Swashbuckler (level 17, -4/156 HPs)
             Began as a Kobold Berserker on Oct 3, 2021.
             Was a High Priest of Trog.
             Slain by a merfolk impaler (6 damage)
             ... on level 1 of the Depths.
             The game lasted 00:59:59 (36713 turns).

KristoblXynda the Swashbuckler (Kobold Berserker)  Turns: 36713, Time: 01:00:00

Health: -4/156     AC: 15    Str: 20    XL:     17   Next: 51%
Magic:  17/17      EV: 31    Int: 11    God:    Trog [*****.]
Gold:   2377       SH: 12    Dex: 18    Spells: 16/16 levels left

rFire   + + .      SeeInvis +   Q - +8 dagger "Fustea" {vorpal, Str+2}
rCold   + . .      Faith    .   c - +0 buckler
rNeg    . . .      Spirit   .   B - +1 troll leather armour
rPois   +          Reflect  +   y - +1 helmet
rElec   .          Harm     .   W - scarf {rC+ rF+}
rCorr   .          Rampage  .   N - +1 pair of gloves {archery}
Will    +....                   J - +1 pair of boots
Stlth   ..........              s - amulet of reflection
HPRegen 1.36/turn               z - ring of see invisible
MPRegen 0.15/turn               U - ring of Racoyts {rPois rF+ EV+4 Dex+3}

@: berserking (expiring), lethally poisoned (-4 -> -7), very quick
A: small, no large weapons, nightstalker 3
a: Renounce Religion, Berserk, Trog's Hand, Brothers in Arms


You were on level 1 of the Depths.
You worshipped Trog.
Trog was extremely pleased with you.
You visited 5 branches of the dungeon, and saw 25 of its levels.
You also visited: Gauntlet and Ice Cave.

You collected 3313 gold pieces.
You spent 936 gold pieces at shops.

Inventory:

Hand Weapons
 L - a +3 quick blade
 Q - the +8 dagger "Fustea" (weapon) {vorpal, Str+2}
   (Trog gifted it to you on level 6 of the Lair of Beasts)

   It inflicts extra damage upon your enemies.
   Str:       It affects your strength (+2).
Missiles
 v - 2 throwing nets (quivered)
Armour
 c - a +0 buckler (worn)
 y - a +1 helmet (worn)
 B - a +1 troll leather armour (worn)
 J - a +1 pair of boots (worn)
 N - a +1 pair of gloves of archery (worn)
 W - a scarf of resistance (worn)
Jewellery
 s - an amulet of reflection (around neck)
 z - a ring of see invisible (left hand)
 U - the ring of Racoyts (right hand) {rPois rF+ EV+4 Dex+3}
   (You found it in an ice cave)

   [ring of evasion]

   EV:        It affects your evasion (+4).
   Dex:       It affects your dexterity (+3).
   rF:        It protects you from fire.
   rPois:     It protects you from poison.
 V - a ring of protection from cold
Wands
 j - a wand of iceblast (41)
 q - a wand of acid (14)
 r - a wand of digging (12)
 x - a wand of mindburst (26)
Scrolls
 b - a scroll of enchant armour
 f - 2 scrolls of fog
 g - 7 scrolls of identify
 n - 4 scrolls of teleportation
 A - 2 scrolls of magic mapping
 C - 2 scrolls of silence
 D - a scroll of fear
 R - a scroll of immolation
Potions
 a - 5 potions of attraction
 d - a potion of ambrosia
 e - 5 potions of curing
 h - 2 potions of lignification
 i - a potion of invisibility
 k - 3 potions of flight
 l - 3 potions of haste
 p - 7 potions of cancellation
 t - 3 potions of mutation
 u - 9 potions of resistance
 M - 5 potions of heal wounds
 O - a potion of might
Miscellaneous
 m - a phial of floods
 H - a piece from Xom's chessboard (15/15)
 K - a box of beasts (inert)
 P - a condenser vane


   Skills:
 + Level 10.9 Fighting
 + Level 19.7 Short Blades
 + Level 13.1 Armour
 + Level 18.0 Dodging
 - Level 12.0 Stealth
 - Level 6.1 Shields
 - Level 5.3 Evocations


You had 16 spell levels left.
You didn't know any spells.
Your spell library contained the following spells:

 Spells                   Type           Power      Damage    Failure   Level
 Beastly Appendage        Tmut           0%         N/A       36%         1
 Foxfire                  Conj/Fire      0%         2x1d4     36%         1
 Freeze                   Ice            0%         1d3       36%         1
 Corpse Rot               Necr/Air       N/A        N/A       52%         2
 Ensorcelled Hibernation  Hex/Ice        0%         N/A       52%         2
 Slow                     Hex            0%         N/A       52%         2
 Wereblood                Tmut           0%         N/A       52%         2
 Confusing Touch          Hex            0%         N/A       75%         3
 Conjure Flame            Conj/Fire      0%         6-21      75%         3
 Dazzling Flash           Conj/Hex       0%         N/A       75%         3
 Frozen Ramparts          Ice            0%         1d2       75%         3
 Inner Flame              Hex/Fire       0%         N/A       75%         3
 Spider Form              Tmut/Pois      0%         N/A       75%         3
 Tukima's Dance           Hex            0%         N/A       75%         3
 Dispel Undead            Necr           0%         3d6       98%         4
 Flame Wave               Conj/Fire      0%         3d3       98%         4
 Hailstorm                Conj/Ice       0%         3d3       98%         4
 Iskenderun's Mystic Bla  Conj/Tloc      0%         2d3       98%         4
 Fireball                 Conj/Fire      0%         3d3       100%        5
 Iskenderun's Battlesphe  Conj           0%         2d6       100%        5
 Yara's Violent Unravell  Hex/Tmut       0%         3d3       100%        5
 Conjure Ball Lightning   Conj/Air       0%         3x3d6     100%        6
 Death Channel            Necr           0%         N/A       100%        6
 Starburst                Conj/Fire      0%         6d3       100%        6
 Orb of Destruction       Conj           0%         N/A       100%        7


Dungeon Overview and Level Annotations

Branches:
Dungeon (15/15)            Temple (1/1) D:7            Lair (6/6) D:9
  Swamp (0/4) Lair:3        Snake (0/4) Lair:2        Slime (0/5) Lair:6
    Orc (2/2) D:12            Elf (0/3) Orc:2        Vaults (0/5) D:14
 Depths (1/4) D:15          IceCv (visited)         Gauntlet (visited)

Altars:
Ashenzari
Cheibriados
Dithmenos
Elyvilon
Fedhas
Gozag
Hepliaklqana
Kikubaaqudgha
Makhleb
Nemelex Xobeh
Okawaru
Qazlal
Ru
Sif Muna
Trog
Uskayaw
Vehumet
Wu Jian
Xom
Yredelemnul
Zin
The Shining One
Beogh
Jiyva

Shops:
D:5 (   D:10 ?   Orc:2 :*=*

Portals:
Hell: Depths:1
Abyss: Depths:1

Annotations:
D:10 Joseph


Innate Abilities, Weirdness & Mutations

You are small and have problems with some larger weapons.
You are completely attuned to the shadows.


Message History

The merfolk javelineer is severely wounded.
You feel sick.
You are no longer poisoned.
You block the merfolk impaler's attack.
Unknown command.
You puncture the merfolk javelineer!
The merfolk javelineer is severely wounded.
The merfolk javelineer throws a silver javelin.
The silver javelin pierces through you!
* * * LOW HITPOINT WARNING * * *
x2 The merfolk impaler hits you from afar with a +2 demon trident of venom!
* * * LOW HITPOINT WARNING * * *
You are lethally poisoned!
You are too berserk!
Unknown command.
You puncture the merfolk javelineer!
You feel the power of Trog in you as your rage grows.
You kill the merfolk javelineer!
Trog accepts your kill.
* * * LOW HITPOINT WARNING * * *
You feel sick.
* * * LOW HITPOINT WARNING * * *
You feel very sick. You block the merfolk impaler's attack.
Things that are here:
a +0 battleaxe; a +0 plate armour You puncture the merfolk impaler!
The merfolk impaler is severely wounded.
* * * LOW HITPOINT WARNING * * *
You feel sick. You block the merfolk impaler's attack.
You puncture the merfolk impaler!
The merfolk impaler is almost dead.
* * * LOW HITPOINT WARNING * * *
You feel sick.
You barely miss the merfolk impaler.
The merfolk impaler is almost dead.
* * * LOW HITPOINT WARNING * * *
You feel sick.
The merfolk impaler hits you with a +2 demon trident of venom.
You die...

.................................
....>............................
.................................
.................................
.................................
###############.....#######......
#.....# #...... #.....# #......
*####.@m..####* #......
**≈≈≈≈)....≈≈≈≈**#......
**≈≈≈≈≈.....≈≈≈≈≈*#......
**≈≈≈≈≈≈.....≈≈≈≈≈≈#......
**≈≈≈≈≈≈≈.....≈≈≈≈≈≈≈......
**≈≈≈≈≈≈≈≈.....≈≈≈≈≈≈≈......
**≈≈≈≈≈≈≈≈≈.....≈≈≈≈≈≈≈......
**≈≈≈≈≈≈≈≈≈≈.....≈≈≈≈≈≈≈......
****≈≈≈≈≈≈≈≈≈≈≈.....≈≈≈≈≈≈≈......


You could see a merfolk impaler.

Vanquished Creatures
  Saint Roka (Depths:1)
  Jorgrun (Orc:1)
  2 liches (Depths:1)
  Gastronok (Lair:3)
  Frances (D:14)
  An orc warlord (Orc:1)
  A quicksilver ooze (Lair:4)
  A stone giant (Depths:1)
  A vampire knight (Depths:1)
  The ghost of Minuumom the Protected, a journeyman DsVM of Ashenzari (Lair:4)
  A minotaur (Gauntlet)
  A white draconian (IceCv)
  2 merfolk javelineers (Depths:1)
  The ghost of Foggup the Grappler, a journeyman DDFi of Ru (Lair:3)
  Snorg (D:11)
  An ettin (Depths:1)
  Harold (D:9)
  Josephine (D:12)
  2 fire dragons (Depths:1)
  Fannar (D:10)
  3 boulder beetles
  An ogre mage (D:15)
  2 vault guards (D:14)
  9 hydras
  A rakshasa (Depths:1)
  Erica (D:10)
  A spriggan air mage (Depths:1)
  A death knight (D:15)
  3 deep troll shamans
  2 centaur warriors (D:13)
  5 orc high priests
  A tengu warrior (Depths:1)
  3 death yaks (D:9)
  A vampire mage (Depths:1)
  8 two-headed ogres
  A deep troll earth mage (Depths:1)
  Nergalle (Lair:2)
  Sonja (Orc:2)
  3 iron trolls
  8 skeletal warriors
  A goliath frog (Lair:6)
  3 deep trolls
  5 orc knights
  A deep elf archer (Orc:1)
  4 wizards
  2 phantasmal warriors
  Pikel (D:6)
  5 deep elf pyromancers
  3 necromancers
  An orb spider (shapeshifter) (D:15)
  8 orc sorcerers
  2 cyclopes (D:14)
  2 ugly things (D:13)
  3 manticores
  Maurice (D:9)
  13 black mambas
  An eye of devastation (Gauntlet)
  A gargoyle (D:14)
  A naga mage (D:15)
  3 ice statues
  19 cane toads
  14 komodo dragons
  2 unseen horrors (D:12)
  2 minotaur zombies (Gauntlet)
  9 rime drakes
  A tengu conjurer (Depths:1)
  An efreet (D:13)
  2 freezing wraiths (D:15)
  9 trolls
  3 tyrant leeches
  4 red devils (D:15)
  7 polar bears
  19 blink frogs
  A raiju (shapeshifter) (D:14)
  14 slime creatures
  Sigmund (D:3)
  2 water elementals (Depths:1)
  3 shadows
  A vampire (D:14)
  3 spriggans (Lair:5)
  A basilisk (shapeshifter) (D:15)
  31 yaks
  4 basilisks
  5 wraiths
  2 wyverns
  A golden eye (Gauntlet)
  19 humans (D:14)
  8 vampire mosquitoes
  2 swamp worms (Gauntlet)
  19 water moccasins
  25 orc warriors
  An ice beast (D:8)
  A black bear (Lair:3)
  A hornet zombie (D:15)
  A necrophage (D:6)
  The ghost of qnok the Cudgeller, an amateur DgGl (D:3)
  6 centaurs
  5 ogres
  17 wolves
  3 kobold brigands
  19 bullfrogs
  A gnoll sergeant (D:10)
  2 scorpions
  2 lindwurm simulacra (IceCv)
  11 killer bees
  A water moccasin skeleton (D:5)
  9 wights
  3 electric eels
  7 howler monkeys
  A bullfrog zombie (D:6)
  6 centaur zombies
  7 komodo dragon simulacra (IceCv)
  17 orc priests
  A hound (D:7)
  3 jellies
  2 centaur skeletons
  A gnoll shaman (D:8)
  2 bullfrog skeletons (D:5)
  7 hell rats (Lair:4)
  4 iguanas
  12 orc wizards
  A hound skeleton (D:4)
  A howler monkey zombie (D:9)
  6 acid dragon simulacra (IceCv)
  7 adders
  9 gnolls
  A howler monkey skeleton (D:7)
  2 river rats (D:9)
  A shadow imp (D:7)
  A white imp (D:5)
  6 steam dragon simulacra (IceCv)
  2 ufetubi
  3 worms (D:3)
  2 dart slugs
  55 orcs
  7 bats
  5 endoplasms
  14 giant cockroaches
  5 goblins
  5 hobgoblins
  5 quokkas
  11 ball pythons
  9 frilled lizards
  18 kobolds
  11 rats
715 creatures vanquished.

Vanquished Creatures (collateral kills)
  A tengu reaver (Depths:1)
  2 orc warriors (Depths:1)
  An orc priest (Depths:1)
  An orc (Depths:1)
5 creatures vanquished.

Vanquished Creatures (others)
  A phantasmal warrior (Depths:1)
  An orc warrior (Orc:1)
  A killer bee (D:10)
  An orc wizard (Orc:2)
  An orc (Depths:1)
  24 fungi
  143 plants
  A withered plant (Gauntlet)
173 creatures vanquished.

Grand Total: 893 creatures vanquished

Notes
Turn   | Place    | Note
-------+----------+-------------------------------------------
     0 | D:1      | KristoblXynda the Kobold Berserker began the quest for the
                  | Orb.
     0 | D:1      | Reached XP level 1. HP: 14/14 MP: 1/1
   148 | D:1      | Reached XP level 2. HP: 11/19 MP: 2/2
   804 | D:1      | Reached XP level 3. HP: 23/23 MP: 3/3
   884 | D:1      | Reached ** piety under Trog
  1677 | D:2      | Reached XP level 4. HP: 25/29 MP: 4/4
  2580 | D:3      | Noticed Sigmund
  2593 | D:3      | Killed Sigmund
  2594 | D:3      | Reached skill level 5 in Short Blades
  2594 | D:3      | Reached XP level 5. HP: 27/34 MP: 5/5
  2594 | D:3      | Reached XP level 6. HP: 31/39 MP: 6/6
  2724 | D:3      | Found a large runed translucent door.
  2724 | D:3      | Found a large runed translucent door.
  2949 | D:3      | Reached *** piety under Trog
  3278 | D:3      | Noticed qnok's ghost (amateur DgGl)
  3289 | D:3      | Killed qnok's ghost
  3290 | D:3      | Reached XP level 7. HP: 44/44 MP: 7/7
  3564 | D:4      | Reached skill level 6 in Short Blades
  3572 | D:4      | Reached skill level 5 in Fighting
  3878 | D:4      | Reached skill level 5 in Dodging
  4623 | D:5      | Entered Level 5 of the Dungeon
  4675 | D:5      | Reached skill level 1 in Stealth
  5322 | D:5      | Found Faoplo Itsi's Weapon Shoppe.
  5365 | D:5      | Reached XP level 8. HP: 46/49 MP: 8/8
  5602 | D:5      | Identified the +6 flail of Intimidation {vorpal, Fly Str+3}
  6007 | D:6      | Reached skill level 7 in Short Blades
  6151 | D:6      | Noticed Pikel
  6176 | D:6      | Killed Pikel
  6699 | D:6      | Reached skill level 5 in Stealth
  6699 | D:6      | Reached XP level 9. HP: 43/54 MP: 9/9
  6785 | D:6      | Reached skill level 8 in Short Blades
  7478 | D:7      | Found a staircase to the Ecumenical Temple.
  7788 | D:7      | Reached skill level 5 in Armour
  7788 | D:7      | Reached **** piety under Trog
  8856 | Temple   | Entered the Ecumenical Temple
  9126 | D:8      | Reached skill level 9 in Short Blades
  9368 | D:8      | Reached XP level 10. HP: 59/59 MP: 10/10
 10102 | D:9      | Identified a scroll of acquirement
 10102 | D:9      | Acquired 734 gold pieces
 10513 | D:9      | Reached skill level 10 in Short Blades
 10666 | D:9      | Noticed Harold
 10684 | D:9      | Killed Harold
 10697 | D:9      | Noticed a two-headed ogre
 10882 | D:9      | Noticed a death yak
 10883 | D:9      | Noticed a death yak
 10976 | D:9      | Found a basalt altar of Yredelemnul.
 11014 | D:9      | Killed a two-headed ogre
 11323 | D:10     | Entered Level 10 of the Dungeon
 11494 | D:10     | Found Orotee's Magic Scroll Shoppe.
 11499 | D:10     | Bought a scroll of magic mapping for 45 gold pieces
 11499 | D:10     | Bought a scroll of identify for 26 gold pieces
 11499 | D:10     | Bought a scroll of enchant weapon for 97 gold pieces
 11581 | D:10     | Reached skill level 11 in Short Blades
 11581 | D:10     | Reached XP level 11. HP: 63/63 MP: 11/11
 11713 | D:10     | Found a glowing golden altar of the Shining One.
 11873 | D:10     | Noticed Fannar
 11886 | D:10     | Killed Fannar
 11887 | D:10     | Reached skill level 10 in Dodging
 11887 | D:10     | Reached skill level 10 in Stealth
 12069 | D:10     | Noticed Joseph
 12450 | D:10     | Noticed Erica
 12456 | D:10     | Killed Erica
 12893 | D:10     | Found an opulent altar of Gozag.
 12897 | D:10     | Found a hazy altar of Hepliaklqana.
 12901 | D:10     | Found a radiant altar of Vehumet.
 12931 | D:11     | Noticed a manticore
 12932 | D:11     | Killed a manticore
 12983 | D:11     | Found a glowing golden altar of the Shining One.
 13188 | D:11     | Noticed an eight-headed hydra
 13219 | D:11     | Killed an eight-headed hydra
 13220 | D:11     | Reached skill level 12 in Short Blades
 13347 | D:11     | Noticed a two-headed ogre
 13351 | D:11     | Killed a two-headed ogre
 13380 | D:11     | Noticed Snorg
 13384 | D:11     | Killed Snorg
 13883 | D:11     | Noticed a boulder beetle
 13905 | D:11     | Killed a boulder beetle
 13906 | D:11     | Reached XP level 12. HP: 71/71 MP: 12/12
 14384 | D:12     | HP: 1/72 [orc warrior (14)]
 14788 | D:12     | Reached skill level 13 in Short Blades
 14871 | D:12     | Found a staircase to the Orcish Mines.
 14896 | D:12     | Reached ***** piety under Trog
 15094 | D:12     | Noticed Josephine
 15121 | D:12     | Killed Josephine
 15637 | D:13     | Noticed a boulder beetle
 15641 | D:13     | Killed a boulder beetle
 15735 | D:13     | Noticed a centaur warrior
 15739 | D:13     | Killed a centaur warrior
 16366 | D:13     | Noticed a centaur warrior
 16383 | D:13     | Killed a centaur warrior
 16396 | D:13     | Reached XP level 13. HP: 12/79 MP: 13/13
 16543 | D:14     | Noticed Frances
 16561 | D:14     | Killed Frances
 16562 | D:14     | Reached skill level 14 in Short Blades
 16911 | D:14     | Noticed a five-headed hydra
 16915 | D:14     | Killed a five-headed hydra
 17062 | D:14     | Found an iron altar of Okawaru.
 17903 | D:14     | Reached skill level 10 in Fighting
 17997 | D:14     | Reached skill level 15 in Short Blades
 18012 | D:14     | Noticed a vault guard
 18041 | D:14     | Killed a vault guard
 18042 | D:14     | Reached skill level 1 in Evocations
 18065 | D:14     | Noticed a vault guard
 18111 | D:14     | Received a gift from Trog
 18662 | D:14     | Reached skill level 10 in Armour
 18682 | D:14     | Killed a vault guard
 18683 | D:14     | Reached XP level 14. HP: 88/88 MP: 14/14
 18857 | D:14     | Found a gate to the Vaults.
 19129 | D:15     | Entered Level 15 of the Dungeon
 19851 | D:15     | Reached skill level 5 in Evocations
 19999 | D:15     | Found a sparkling altar of Nemelex Xobeh.
 20244 | D:15     | Reached skill level 16 in Short Blades
 20514 | D:15     | Reached skill level 1 in Shields
 21028 | D:15     | Found a staircase to the Depths.
 21611 | D:9      | Noticed Maurice
 21647 | D:9      | Found a staircase to the Lair.
 21650 | D:9      | Killed Maurice
 21669 | D:9      | Received a gift from Trog
 21780 | D:9      | Found a shimmering blue altar of Sif Muna.
 21999 | Lair:1   | Entered Level 1 of the Lair of Beasts
 22009 | Lair:1   | Reached skill level 15 in Dodging
 22387 | Lair:1   | Reached XP level 15. HP: 92/92 MP: 15/15
 22626 | D:5      | Bought a +2 vampiric rapier for 240 gold pieces
 22900 | Lair:1   | You fall into a shaft and drop 1 floor!
 23185 | Lair:2   | Found a staircase to the Snake Pit.
 23588 | Lair:2   | Noticed Nergalle
 23606 | Lair:2   | Killed Nergalle
 23607 | Lair:2   | Reached skill level 17 in Short Blades
 24494 | Lair:3   | Found a runed translucent door.
 24526 | Lair:3   | Noticed Foggup's ghost (journeyman DDFi)
 24544 | Lair:3   | Killed Foggup's ghost
 24715 | Lair:3   | Noticed Gastronok
 24719 | Lair:3   | Killed Gastronok
 24736 | Lair:3   | Identified the +5 rapier "Asammian" {antimagic, rPois rN+
                  | Str+5 Int-3} (Trog gifted it to you on level 3 of the Lair
                  | of Beasts)
 24736 | Lair:3   | Received a gift from Trog
 24827 | Lair:3   | Found a staircase to the Swamp.
 24829 | Lair:3   | Identified the +4 short sword of the Establishment {freeze,
                  | rElec rF- rCorr}
 25643 | Lair:4   | Found a runed translucent gate.
 25644 | Lair:4   | Found a runed translucent gate.
 25645 | Lair:4   | Found a runed translucent gate.
 26530 | Lair:4   | Noticed Minuumom's ghost (journeyman DsVM)
 26533 | Lair:4   | Noticed a quicksilver ooze
 26548 | Lair:4   | Killed a quicksilver ooze
 26570 | Lair:4   | Killed Minuumom's ghost
 26573 | Lair:4   | Found a viscous altar of Jiyva.
 26679 | Lair:5   | Found a gate leading to a gauntlet.
 26686 | Gauntlet | Entered a Gauntlet
 26686 | Gauntlet | Found a transporter.
 26716 | Gauntlet | Found a transporter.
 26716 | Gauntlet | Found a transporter.
 26732 | Gauntlet | Found a transporter.
 26750 | Gauntlet | Found a transporter.
 26768 | Gauntlet | Found a transporter.
 26768 | Gauntlet | Found a transporter.
 26786 | Gauntlet | Found a transporter.
 26786 | Gauntlet | Found a transporter.
 26801 | Gauntlet | Found a transporter.
 26831 | Gauntlet | Found a transporter.
 26848 | Gauntlet | Reached skill level 5 in Shields
 26883 | Gauntlet | Identified the ring of Muajinao {+Blink MP+9}
 26894 | Gauntlet | Found a transporter.
 27368 | Gauntlet | Identified the +7 quarterstaff of Recklessness {vorpal,
                  | rElec rN+++ Str+4 Dex-3}
 27767 | Lair:5   | You fall into a shaft and drop 1 floor!
 27767 | Lair:6   | Entered Level 6 of the Lair of Beasts
 28121 | Lair:5   | Identified the +5 falchion of Otizaij {holy, +Blink MP+9}
 28342 | Lair:5   | Reached XP level 16. HP: 65/97 MP: 5/16
 28497 | Lair:5   | Reached skill level 18 in Short Blades
 28890 | Lair:6   | Identified the +8 dagger "Fustea" {vorpal, Str+2} (Trog
                  | gifted it to you on level 6 of the Lair of Beasts)
 28890 | Lair:6   | Received a gift from Trog
 30314 | Lair:6   | Found a viscous altar of Jiyva.
 30319 | Lair:6   | Found a staircase to the Slime Pits.
 30897 | Orc:1    | Entered Level 1 of the Orcish Mines
 30917 | Orc:1    | Found a frozen archway.
 30926 | IceCv    | Entered an ice cave
 31827 | IceCv    | Identified the ring of Racoyts {rPois rF+ EV+4 Dex+3}
 32103 | Orc:1    | Noticed Jorgrun
 32122 | Orc:1    | Killed Jorgrun
 32803 | Orc:1    | Reached ****** piety under Trog
 32819 | Orc:1    | Received a gift from Trog
 32870 | Orc:1    | Identified the +8 scimitar of Doaghenu {vorpal, Dex+5}
 33258 | Orc:2    | Entered Level 2 of the Orcish Mines
 33262 | Orc:2    | Noticed Sonja
 33266 | Orc:2    | Killed Sonja
 33680 | Orc:2    | Found a staircase to the Elven Halls.
 33837 | Orc:2    | Reached skill level 19 in Short Blades
 34843 | Orc:2    | Found Xaijear's General Store.
 34843 | Orc:2    | Found Qivid's Book Boutique.
 34845 | Orc:2    | Found Dofeethru's Jewellery Emporium.
 34845 | Orc:2    | Found Gets's General Store.
 34848 | Orc:2    | Bought 2 potions of resistance for 240 gold pieces
 34851 | Orc:2    | Bought a potion of resistance for 160 gold pieces
 34851 | Orc:2    | Bought a potion of heal wounds for 80 gold pieces
 34851 | Orc:2    | Bought a potion of curing for 48 gold pieces
 35001 | Depths:1 | Entered Level 1 of the Depths
 35001 | Depths:1 | Found a gateway to Hell.
 35089 | D:15     | Reached XP level 17. HP: 90/102 MP: 17/17
 35162 | Depths:1 | Identified the +8 rapier "Liveolam" {vorpal, Dex+6} (Trog
                  | gifted it to you on level 1 of the Depths)
 35162 | Depths:1 | Received a gift from Trog
 35361 | Depths:1 | Found a stormy altar of Qazlal.
 35405 | Depths:1 | Noticed a lich
 35420 | Depths:1 | Killed a lich
 35527 | Depths:1 | Noticed a lich
 35544 | Depths:1 | Noticed a tengu reaver
 35948 | Depths:1 | Found a sacrificial altar of Ru.
 36016 | Depths:1 | Found a one-way gate to the infinite horrors of the Abyss.
 36041 | Depths:1 | Killed a lich
 36182 | Depths:1 | Noticed Saint Roka
 36200 | Depths:1 | Killed Saint Roka
 36210 | Depths:1 | Killed a tengu reaver
 36708 | Depths:1 | HP: 7/156 [merfolk impaler (9)]
 36710 | Depths:1 | HP: 3/156 [poisoned by a merfolk impaler]
 36713 | Depths:1 | Slain by a merfolk impaler

Illustrated notes

Levels and vault maps discovered:
D:1:      amcnicky_arrival_single_pillar, layout_basic
D:2:      layout_loops_ring
D:3:      minmay_roachtagon, layout_rooms, ebering_ghost_disaster_area,
          minmay_vboxes, uniq_sigmund
D:4:      layout_cave_pools
D:5:      layout_gridville, serial_shops, kennysheep_mini
D:6:      layout_cave_pools, uniq_pikel
D:7:      layout_layer_cave, minmay_temple_entry_sparse_star
D:8:      layout_basic
D:9:      layout_basic, mainiacjoe_overflow_tiny_flanked, lemuel_crystal_altar,
          dpeg_lair_monsters, uniq_maurice, uniq_harold
D:10:     layout_layer_cave, kennysheep_little_box,
          minmay_overflow_temple_star_quad, serial_shops, shop,
          lemuel_old_faithful, uniq_erica, uniq_joseph, uniq_fannar
D:11:     layout_gridville, nicolae_tso_swordbearing_angel, uniq_snorg
D:12:     layout_irregular_city, david_orc_5, uniq_josephine
D:13:     layout_grid_maze
D:14:     layout_loops_corners, grunt_vaults_entry_tiered, okawaru_gym_becter,
          uniq_frances
D:15:     grunt_enter_depths_magical_seal, layout_irregular_city,
          serial_column_ruins, column_ruins_open_tiny, column_ruins_open_small,
          column_ruins_open_tiny, column_ruins_corridor_straight,
          column_ruins_corridor_straight, nemelex_lonely_heart_becter,
          einodemon_armed_red_devil_minivault
Temple:   eino_temple_rhombus
Lair:1:   layout_misc_corridors
Lair:2:   layout_cave_pods, minmay_snake_entry_six_corridors, uniq_nergalle
Lair:3:   layout_roguey, swamp_mist, ebering_ghost_reflecting_pool,
          uniq_gastronok
Lair:4:   layout_gridlike, gammafunk_ghost_ooze, beast_lair_carwin_8
Lair:5:   wad_woods_settlement, layout_hall_layers, gauntlet_entry_generic
Lair:6:   minmay_lair_end_frog_pond, layout_cave_pods, slime_altar_1,
          lemuel_fruit_tree
Orc:1:    layout_caves, portal_ice_cave_entry_pillars_2, elf_legates,
          uniq_jorgrun
Orc:2:    grunt_orc_tribal_feast, layout_caves, uniq_sonja
Depths:1: layout_forbidden_donut, hell_entry, nicolae_ru_the_path_less_chosen,
          abyss_entry_small_statue_room, nicolae_qazlal_style_of_elements,
          uniq_saint_roka

Skill      XL: |  1  2  3  4  5  6  7  8  9 10 11 12 13 14 15 16 17 |
---------------+----------------------------------------------------+-----
Armour         | 2 3 4 5 6 7 8 10 11 12 13 | 13.1
Dodging        | 3 4 5 6 8 9 11 12 13 15 16 17 18 | 18.0
Fighting       | 4 5 6 8 10 | 10.9
Short Blades   | 5 6 7 9 11 12 13 15 16 17 19 | 19.7
Stealth        | 2 5 7 9 10 12 | 12.0
Evocations     | 3 5 |  5.3
Shields        | 3 5 6 |  6.1

Action                   |  1- 3 |  4- 6 |  7- 9 | 10-12 | 13-15 | 16-18 || total
-------------------------+-------+-------+-------+-------+-------+-------++-------
Melee: Short sword       |    67 |       |   154 |   473 |   885 |       ||  1579
       Dagger            |    29 |   136 |   225 |       |       |  1168 ||  1558
       Unarmed           |       |       |       |    17 |       |       ||    17
       Rapier            |       |       |       |       |   695 |    64 ||   759
Invok: Berserk           |     3 |     1 |     4 |    14 |    30 |    20 ||    72
       Trog's Hand       |       |       |       |     1 |     1 |     1 ||     3
       Brothers in Arms  |       |       |       |       |       |     2 ||     2
Evoke: Wand              |       |       |       |     6 |     9 |     6 ||    21
       Condenser vane    |       |       |       |       |       |     1 ||     1
       Box of beasts     |       |       |       |       |       |     1 ||     1
  Use: Scroll            |       |       |     9 |    12 |    15 |     9 ||    45
       Potion            |       |       |       |     3 |     3 |       ||     6
 Stab: Sleeping          |    10 |     7 |    16 |    25 |    59 |    18 ||   135
       Distracted        |       |       |       |     1 |     5 |    11 ||    17
Armor: Animal skin       |    10 |    15 |       |       |       |       ||    25
       Ring mail         |       |     8 |    90 |    43 |       |       ||   141
       Robe              |       |     3 |       |       |       |       ||     3
       Troll leather arm |       |       |       |    30 |   230 |   117 ||   377
Dodge: Dodged            |    76 |    77 |   214 |   375 |   796 |   635 ||  2173
Block: Buckler           |       |       |       |       |   288 |   454 ||   742
       Reflection        |       |       |       |       |     4 |     2 ||     6

Table legend: (Time is in decaauts)
 A = Elapsed time spent in this place.
 B = Non-inter-level travel time spent in this place.
 C = Inter-level travel time spent in this place.
 D = Time resting spent in this place.
 E = Time spent auto-exploring this place.
 F = Levels seen in this place.
 G = Mean time per level.
                   A        B        C        D        E       F      G
               +--------+--------+--------+--------+--------+-----+--------+
         Total |  35627 |  33866 |   1761 |  10123 |  17313 |  27 | 1319.5 |
       Dungeon |  22300 |  20927 |   1373 |   6083 |  11452 |  15 | 1486.7 |
        Temple |    215 |    206 |      9 |      0 |    190 |   1 |  215.0 |
          Lair |   7357 |   7074 |    283 |    924 |   4775 |   6 | 1226.2 |
  Orcish Mines |   2453 |   2358 |     95 |   1097 |    768 |   2 | 1226.5 |
        Depths |   1390 |   1390 |      0 |    795 |     15 |   1 | 1390.0 |
      Ice Cave |   1082 |   1082 |      0 |    725 |    112 |   1 | 1082.0 |
      Gauntlet |    826 |    826 |      0 |    497 |      0 |   1 |  826.0 |
               +--------+--------+--------+--------+--------+-----+--------+

Top non-repeatable levels by time:
    D:14: 2536 daAuts
    D:15: 2293 daAuts
     D:9: 1902 daAuts
  Lair:6: 1740 daAuts
    D:10: 1673 daAuts
    D:12: 1574 daAuts
   Orc:2: 1547 daAuts
     D:1: 1536 daAuts
     D:6: 1493 daAuts
     D:7: 1489 daAuts
Depths:1: 1390 daAuts
     D:3: 1373 daAuts
  Lair:5: 1368 daAuts
  Lair:4: 1330 daAuts
     D:5: 1325 daAuts
